 Dungeon Crawl Stone Soup version 0.28.0-45-g0d030f2227 (webtiles) character file.

Game seed: 6535268860957229608

98 pkoi the Ruffian (level 4, -3/36 HPs)
             Began as a Demigod Gladiator on Apr 7, 2022.
             Slain by an iguana (10 damage)
             ... on level 4 of the Dungeon.
             The game lasted 00:03:01 (3273 turns).

pkoi the Ruffian (Demigod Gladiator)                Turns: 3273, Time: 00:03:02

Health: -3/36      AC:  5    Str: 19    XL:     4   Next: 20%
Magic:  6/6        EV: 12    Int: 10    God:
Gold:   99         SH:  0    Dex: 15    Spells: 3/3 levels left

rFire   . . .      SeeInvis .     - Unarmed
rCold   . . .      Faith    .   (no shield)
rNeg    . . .      Spirit   .   a - +0 leather armour
rPois   .          Reflect  .   b - +0 helmet
rElec   .          Harm     .   (no cloak)
rCorr   .          Rampage  .   (no gloves)
Will    .....                   m - +0 pair of boots
Stlth   +.........              (no amulet)
HPRegen 0.12/turn               t - ring of wizardry
MPRegen 0.10/turn               (no ring)

@: no status effects
A: high MP 1, forlorn, divine attributes
a: no special abilities


You were on level 4 of the Dungeon.
You visited 1 branch of the dungeon, and saw 4 of its levels.

You collected 99 gold pieces.

Inventory:

Hand Weapons
 g - a +1 whip of flaming
 q - a +2 vorpal war axe
Missiles
 c - 3 throwing nets
 e - 5 poisoned darts (quivered)
Armour
 a - a +0 leather armour (worn)
 b - a +0 helmet (worn)
 m - a +0 pair of boots (worn)
Jewellery
 s - a ring of ice
 t - a ring of wizardry (left hand)
Scrolls
 d - a scroll of blinking {unknown}
 j - 2 scrolls of amnesia {unknown}
 l - a scroll of vulnerability {unknown}
 p - a scroll of enchant weapon {unknown}
 u - a scroll of immolation {unknown}
 v - a scroll of identify {unknown}
Potions
 f - a potion of heal wounds {unknown}
 h - 2 potions of curing {unknown}
 i - a potion of mutation {unknown}
 k - 2 potions of cancellation {unknown}
 n - a potion of haste {unknown}
 o - a potion of attraction {unknown}
 r - a potion of brilliance {unknown}


   Skills:
 - Level 1.7 Fighting
 - Level 1.7 Throwing
 - Level 2.6 Dodging
 + Level 4.8 Unarmed Combat


You had 3 spell levels left.
You didn't know any spells.
Your spell library contained the following spells:

 Spells                   Type           Power      Damage    Failure   Level
 Freeze                   Ice            0%         1d3       17%         1
 Frozen Ramparts          Ice            0%         1d2       45%         3
 Hailstorm                Conj/Ice       0%         3d3       85%         4


Dungeon Overview and Level Annotations

Branches:
Dungeon (4/15)             Temple (0/1) D:4

Annotations:
D:3 1 runed translucent door, Sunwitch's ghost, amateur MiFi


Innate Abilities, Weirdness & Mutations

You have an increased reservoir of magic. (+10% MP)
You shall have no god before yourself.
Your divine heritage dramatically boosts your attributes as you level up.


Message History

You hit the iguana.
The iguana is heavily wounded.
The iguana misses you.
You hit the iguana but do no damage.
The iguana is heavily wounded.
The iguana misses you.
You hit the iguana.
The iguana is severely wounded.
You hit the iguana but do no damage.
The iguana is severely wounded.
The iguana bites you.
* * * LOW HITPOINT WARNING * * *
You hit the iguana but do no damage.
The iguana is severely wounded.
The iguana bites you but does no damage.
You hit the iguana.
The iguana is almost dead.
The iguana closely misses you.
You barely miss the iguana.
The iguana is almost dead.
The iguana bites you.
* * * LOW HITPOINT WARNING * * *
You hit the iguana but do no damage.
The iguana is almost dead.
The iguana bites you.
* * * LOW HITPOINT WARNING * * *
You barely miss the iguana.
The iguana is almost dead.
The iguana closely misses you.
You barely miss the iguana.
The iguana is almost dead.
The iguana closely misses you.
You hit the iguana but do no damage.
The iguana is severely wounded.
The iguana misses you.
You closely miss the iguana.
The iguana is severely wounded.
The iguana hisses menacingly.
The iguana bites you!
You die...

....#################
....................#
........###########.#
###...#.# #.# #.#...#
#.# #...#.# #.#
#.#...# #.# #...#.##
#.# #.#.@.$# ###.###
#..l#..# #......
#...#......# #....##
#.....#....# #......
#...#......# #....#.
# ....#....# #......
## #...#### ###)#.#
#. ## ########..#.#
.........##..


You could see an iguana.

Vanquished Creatures
  3 adders
  A worm (D:2)
  A dart slug (D:1)
  An orc (D:4)
  10 ball pythons
  5 endoplasms
  2 giant cockroaches
  2 goblins
  9 hobgoblins
  6 jackals (D:1)
  2 quokkas
  6 bats
  A frilled lizard (D:1)
  4 kobolds
  7 rats
60 creatures vanquished.

Vanquished Creatures (others)
  2 plants (D:2)
2 creatures vanquished.

Grand Total: 62 creatures vanquished

Notes
Turn   | Place    | Note
-------+----------+-------------------------------------------
     0 | D:1      | pkoi the Demigod Gladiator began the quest for the Orb.
     0 | D:1      | Reached XP level 1. HP: 17/17 MP: 3/3
   151 | D:1      | Reached skill level 3 in Unarmed Combat
   618 | D:1      | Reached XP level 2. HP: 23/24 MP: 4/4
  1424 | D:1      | Reached XP level 3. HP: 29/29 MP: 5/5
  1551 | D:2      | Reached skill level 4 in Unarmed Combat
  2565 | D:3      | Reached XP level 4. HP: 30/36 MP: 6/6
  2918 | D:3      | Found a runed translucent door.
  2919 | D:3      | Noticed Sunwitch's ghost (amateur MiFi)
  3216 | D:4      | Found a staircase to the Ecumenical Temple.
  3273 | D:4      | Slain by an iguana

Illustrated notes

Levels and vault maps discovered:
D:1:      pf_arrival_petrified_forest, layout_loops_ring,
          ebering_ecumenical_altar_sacrificial, kennysheep_another_room,
          minmay_pentomino_w2
D:2:      layout_loops_ring, serial_bayou_lagoon_b
D:3:      layout_basic, gammafunk_ghost_grave
D:4:      layout_basic, minmay_temple_entry_slanted, minmay_misc_feat_pillars,
          chequers_serial_rivers_micro_d, hangedman_minor_gate_pass, uniq_ijyb,
          uniq_eustachio, uniq_sigmund

Skill      XL: |  1  2  3 |
---------------+----------+-----
Unarmed Combat | 3 4 |  4.8
Fighting       | |  1.7
Throwing       | |  1.7
Dodging        | |  2.6

Action                   |  1- 3 |  4- 6 || total
-------------------------+-------+-------++-------
Melee: Unarmed           |   188 |    46 ||   234
       Punch             |     4 |       ||     4
 Stab: Sleeping          |     4 |     1 ||     5
Armor: Leather armour    |    58 |     3 ||    61
Dodge: Dodged            |   124 |    30 ||   154
